 Dungeon Crawl Stone Soup version 0.21-a0-286-g6fcecc0 (webtiles) character file.

406 aurelian the Shooter (level 6, -4/78 HPs)
             Began as a Demigod Wanderer on Sept 26, 2017.
             Slain by a slave (8 damage)
             ... led by Pikel
             ... on level 4 of the Dungeon.
             The game lasted 00:13:32 (5391 turns).

aurelian the Shooter (Demigod Wanderer)             Turns: 5391, Time: 00:13:32

Health: -4/78      AC:  4    Str: 26    XL:     6   Next: 30%
Magic:  11/11      EV: 11    Int: 14    God:
Gold:   205        SH:  0    Dex: 15    Spells: 8/8 levels left

rFire    + . .     SeeInvis .   s - +0 flail
rCold    . . .     Gourm    .   (no shield)
rNeg     . . .     Faith    .   j - +0 leather armour
rPois    .         Spirit   .   (no helmet)
rElec    .         Reflect  .   (no cloak)
rCorr    .         Harm     .   (no gloves)
MR       +....                  r - +0 pair of boots
Stlth    ..........             (no amulet)
HPRegen  0.23/turn              H - ring of protection from fire
MPRegen  0.12/turn              w - ring of protection from magic

@: berserking (expiring), very quick
A: high mp 1
a: no special abilities


You were on level 4 of the Dungeon.
You were hungry.

You visited 1 branch of the dungeon, and saw 5 of its levels.

You collected 205 gold pieces.

Inventory:

Hand Weapons
 a - a +2 shortbow
 b - a +0 hand axe
 l - the +0 dagger of Compound Interest {antimagic, +Rage MP-9 Str+3 SInv}
   (You found it on level 2 of the Dungeon)

   It reduces the magical energy of the wielder, and disrupts the spells and
   magical abilities of those hit.
   Natural abilities and divine invocations are not affected.
   It affects your strength (+3).
   It affects your magic capacity (-9).
   It lets you see invisible.
   It lets you go berserk.
 s - a +0 flail (weapon)
Missiles
 k - 16 arrows
Armour
 e - a +0 robe
 j - a +0 leather armour (worn)
 r - a +0 pair of boots (worn)
Jewellery
 h - an uncursed ring of wizardry
 n - an uncursed amulet of the gourmand {unknown}
 v - an uncursed amulet of magic regeneration
 w - a ring of protection from magic (right hand)
 H - a ring of protection from fire (left hand)
Wands
 I - a wand of flame (27/48)
Scrolls
 g - a scroll of noise {unknown}
 i - a scroll of random uselessness {unknown}
 o - 3 scrolls of remove curse
 p - a scroll of teleportation
 q - a scroll of fog {unknown}
 y - 2 scrolls of blinking {unknown}
 A - 2 scrolls of recharging {unknown}
 C - a scroll of amnesia {unknown}
 D - a scroll of enchant weapon {unknown}
Potions
 c - 3 potions of lignification
 d - 3 potions of curing
 t - a potion of cancellation {unknown}
 u - a potion of flight {unknown}
 z - a potion of heal wounds {unknown}
 B - a potion of mutation {unknown}
 G - 2 potions of brilliance
Comestibles
 f - 2 bread rations
 x - 2 meat rations


   Skills:
 + Level 3.9 Fighting
 + Level 5.3 Bows
 - Level 1.0 Armour
 - Level 1.0 Stealth
 - Level 1.7 Spellcasting
   Level 1.0 Hexes
 - Level 1.0 Evocations


You had 8 spell levels left.
You didn't know any spells.

Dungeon Overview and Level Annotations

Branches:
Dungeon (5/15)             Temple (0/1) D:4

Shops:
D:5 }

Annotations:
D:3 alcopop's ghost, amateur DrWn
D:4 Pikel


Innate Abilities, Weirdness & Mutations

You have an increased reservoir of magic. (+10% MP)


Message History

The slave barely misses you. Pikel closely misses you. The slave hits you.
You closely miss Pikel.
Pikel is heavily wounded.
The slave hits you.
* * * LOW HITPOINT WARNING * * *
Pikel says, "Why not give up?
You'll get fed.
Maybe."
Pikel barely misses you. The slave hits you.
* * * LOW HITPOINT WARNING * * *
You thump Pikel!
Pikel is almost dead.
The slave barely misses you.
Pikel hits you with a whip of electrocution.
* * * LOW HITPOINT WARNING * * *
You are electrocuted!
* * * LOW HITPOINT WARNING * * *
The slave barely misses you.
You closely miss Pikel.
Pikel is almost dead.
The slave hits you!
You die...

..§..........#..........#
.§...........+..........#
........###+##.....######
...##...##...#.....#
.............#.....#
.............#.....#
.............#.....#
.............#.[...#
####....##.p.#.K@..#
#....####'#..pp.#
#.....#...####'##
#.....#...pK....#
#.....#........######
#...####'###...##...#
#####......#...#....#
#......#...#....#
#......+...#....#


You could see Pikel and 2 slaves.

Vanquished Creatures
  2 slaves
  An ogre (D:4)
  A big kobold (D:3)
  A bullfrog skeleton (D:4)
  An iguana (D:4)
  A worker ant (D:4)
  6 adders
  A shadow imp (D:5)
  2 worms
  A dart slug (D:4)
  4 leopard geckos
  7 orcs
  5 giant cockroaches
  12 hobgoblins
  15 jackals
  5 kobolds
  2 ball pythons
  4 bats
  6 frilled lizards
  8 goblins
  13 rats
98 creatures vanquished.

Notes
Turn   | Place    | Note
-------+----------+-------------------------------------------
     0 | D:1      | aurelian the Demigod Wanderer began the quest for the Orb.
     0 | D:1      | aurelian set off with: a +2 shortbow, 27 arrows, a potion of lignification, a potion of curing, a +0 robe, a bread ration
     0 | D:1      | Reached XP level 1. HP: 17/17 MP: 5/5
   142 | D:1      | Reached skill level 2 in Bows
   502 | D:1      | Reached XP level 2. HP: 24/24 MP: 7/7
   862 | D:2      | Reached XP level 3. HP: 30/30 MP: 8/8
   908 | D:2      | Reached skill level 3 in Bows
  1153 | D:2      | Found a sparkling altar of Nemelex Xobeh.
  1153 | D:2      | Found a transporter.
  1153 | D:2      | Noticed a bullfrog
  1167 | D:2      | Got a smoking dagger
  1476 | D:3      | Noticed alcopop's ghost (amateur DrWn)
  1553 | D:3      | Reached XP level 4. HP: 37/37 MP: 9/9
  2141 | D:3      | Found a blossoming altar of Fedhas.
  2145 | D:3      | Found a stormy altar of Qazlal.
  2153 | D:3      | Noticed a big kobold
  2163 | D:3      | Killed a big kobold
  2163 | D:3      | Reached skill level 4 in Bows
  2163 | D:3      | Reached XP level 5. HP: 35/45 MP: 10/10
  3518 | D:4      | Identified the +0 dagger of Compound Interest {antimagic, +Rage MP-9 Str+3 SInv} (You found it on level 2 of the Dungeon)
  3588 | D:4      | Found a staircase to the Ecumenical Temple.
  3594 | D:4      | Noticed an ogre
  4046 | D:4      | Killed an ogre
  4046 | D:4      | Reached skill level 5 in Bows
  4046 | D:4      | Reached XP level 6. HP: 52/52 MP: 11/11
  4137 | D:4      | Found a staircase to the Ecumenical Temple.
  4578 | D:5      | Entered Level 5 of the Dungeon
  4688 | D:5      | Found Wimor's Gadget Emporium.
  4891 | D:5      | Noticed Pikel
  5391 | D:4      | Slain by a slave

Vault maps used:
D:1:      scummos_arrival_forest
D:2:      grunt_nemelex_the_gamble
D:3:      grunt_temple_overflow_forces_of_nature, minmay_surrounded
D:4:      minmay_temple_entry_purple_smoke, first_bread
D:5:      kennysheep_little_box, serial_shops, shop, uniq_pikel

Skill      XL: |  1  2  3  4  5 |
---------------+----------------+-----
Bows           | 2 3 4 5 |  5.3
Fighting       | 2 3 |  3.9
Armour         | |  1.0
Stealth        | |  1.0
Spellcasting   | |  1.7
Hexes          | |  1.0
Evocations     | |  1.0

Action                   |  1- 3 |  4- 6 || total
-------------------------+-------+-------++-------
Melee: Flail             |       |    46 ||    46
       Hand axe          |       |    18 ||    18
 Fire: Shortbow          |   104 |   123 ||   227
  Use: Scroll            |       |     7 ||     7
       Potion            |       |     1 ||     1
  Eat: Chunk             |     2 |     7 ||     9
       Royal jelly       |       |     2 ||     2
Armor: Robe              |     3 |       ||     3
       Leather armour    |     6 |    35 ||    41
Dodge: Dodged            |    12 |    82 ||    94

Table legend:
 A = Spawn XP
 B = Non-spawn XP
 C = Spawn XP percentage of total XP
 D = Spawn monster count
 E = Non-spawn monster count
 F = Spawn count percentage of total count
 G = Total turns spent on level
                    A         B        C        D         E        F      G
               +---------+---------+-------+---------+---------+-------+---------
         Total |       0 |     581 |   0.0 |       0 |      96 |   0.0 |  5391
               +---------+---------+-------+---------+---------+-------+---------
           D:1 |       0 |      46 |   0.0 |       0 |      26 |   0.0 |   854
           D:2 |       0 |      78 |   0.0 |       0 |      24 |   0.0 |   955
           D:3 |       0 |     173 |   0.0 |       0 |      33 |   0.0 |  1318
           D:4 |       0 |     268 |   0.0 |       0 |      10 |   0.0 |  2110
           D:5 |       0 |      16 |   0.0 |       0 |       3 |   0.0 |   154
               +---------+---------+-------+---------+---------+-------+---------
